Map: Abyssal Reef LE

Players

Elazer

  • Race: Zerg Zerg
  • Spawn Location: 11:00

Snute - Winner!

  • Race: Zerg Zerg
  • Spawn Location: 5:00

Event: WCS Montreal 2017

VOD

Have the link to the VOD?

Description

Time

  • Played on: Sept. 10, 2017, 11:34 a.m.
  • Length: 8:45

All games in this series

Show
View Real Time Build Order
Export as new Build Order

Elazer Zerg 

Build Orders: Hatch First 

Get SALT Encoding   

  12  0:00  Drone  
  13  0:12  Overlord  
  13  0:17  Drone  
  14  0:30  Drone x2  
  14  0:34  Drone  
  17  0:52  Hatchery  
  17  0:54  Drone  
  17  0:57  Drone  
  18  1:08  Extractor  
  17  1:12  Spawning Pool  
  17  1:15  Drone  
  17  1:19  Drone  
  18  1:27  Drone  
  19  1:39  Overlord  
  19  1:49  Drone  
  20  1:59  Queen  
  20  2:00  Zergling x2  
  23  2:04  Queen, Zergling x2  
  26  2:08  Metabolic Boost  
  26  2:16  Zergling x2  
  26  2:19  Zergling x2  
  26  2:22  Spine Crawler  
  27  2:26  Drone x2  
  30  2:31  Spine Crawler  
  30  2:35  Queen  
  31  2:43  Baneling Nest  
  30  2:45  Drone  
  30  2:49  Drone  
  32  2:53  Drone  
  33  3:00  Zergling x6  
  36  3:10  Overlord  
  29  3:20  Zergling x2  
  29  3:23  Zergling x2  
  29  3:25  Zergling x2  
  29  3:26  Zergling x6  
  32  3:31  Zergling x2  
  29  3:36  Zergling x2  
  28  3:45  Queen, Baneling  
  28  3:46  Zergling x2  
  27  3:50  Queen  
  29  3:55  Drone  
  29  3:57  Drone  
  30  4:03  Zergling x2  
  30  4:08  Zergling x2  
  30  4:12  Zergling x2  
  30  4:13  Baneling  
  30  4:16  Drone x2  
  33  4:17  Drone  
  33  4:20  Drone  
  33  4:23  Baneling  
  35  4:25  Drone  
  36  4:33  Drone  
  36  4:37  Overlord  
  35  4:41  Drone  
  33  4:47  Drone  
  33  4:53  Drone  
  33  4:55  Drone  
  34  5:03  Zergling x2  
  34  5:04  Queen x2  
  34  5:06  Zergling x2  
  40  5:13  Evolution Chamber  
  40  5:14  Zergling x2  
  40  5:18  Drone  
  41  5:23  Baneling x2  
  41  5:24  Zergling x2  
  41  5:27  Zergling x6  
  41  5:28  Zergling x4  
  45  5:29  Zergling x2  
  45  5:32  Zergling x2  
  44  5:39  Zergling x2  
  43  5:47  Zergling x2  
  39  5:51  Queen  
  39  5:57  Overlord, Roach Warren  
  39  6:00  Zergling x2  
  39  6:05  Overlord  
  39  6:09  Overlord  
  34  6:37  Roach x3  
  34  6:38  Roach x5  
  49  6:49  Roach  
  49  6:50  Roach  
  52  6:56  Roach x3  
  56  7:02  Roach x2  
  60  7:13  Overlord  
  60  7:14  Zergling x2  
  61  7:20  Zergling x2  
  62  7:23  Baneling x2  
  62  7:26  Zergling x2  
  63  7:31  Overlord  
  63  7:32  Overlord  
  63  7:33  Zergling x8  
  63  7:36  Baneling x2  
  67  7:39  Zergling x2  
  68  7:51  Ravager  
  66  7:53  Zergling x4  
  66  8:00  Ravager  
  66  8:01  Zergling x2  
  66  8:02  Zergling x4  
  66  8:04  Ravager  
  66  8:05  Zergling x6  
  68  8:12  Zergling x2  
  62  8:21  Zergling x8  
  62  8:24  Ravager  
  62  8:25  Zergling x2  
  66  8:39  Hatchery  
Show
View Real Time Build Order
Export as new Build Order

Snute Zerg - Winner!

Build Orders: Pool First, Zergling Baneling 

Get SALT Encoding   

  12  0:00  Drone  
  13  0:12  Overlord  
  13  0:17  Drone  
  14  0:30  Drone x2  
  14  0:34  Drone  
  17  0:36  Extractor  
  16  0:45  Drone  
  17  0:50  Spawning Pool  
  17  0:55  Drone  
  17  1:17  Hatchery  
  16  1:20  Drone  
  17  1:36  Metabolic Boost  
  17  1:39  Queen  
  19  1:42  Zergling x2  
  19  1:47  Zergling x2  
  21  1:57  Baneling Nest  
  20  2:03  Zergling x2  
  20  2:06  Overlord  
  21  2:10  Zergling x2  
  22  2:25  Zergling x2  
  22  2:26  Zergling x2  
  25  2:30  Zergling x2  
  25  2:37  Zergling x2  
  25  2:41  Zergling x2  
  27  2:46  Zergling x4  
  29  2:52  Baneling  
  29  2:53  Baneling x3  
  29  2:55  Zergling x6  
  32  2:59  Drone  
  32  3:04  Overlord  
  33  3:07  Baneling  
  33  3:11  Drone  
  33  3:13  Drone  
  31  3:26  Zergling x4  
  31  3:27  Baneling  
  31  3:29  Zergling x4  
  31  3:33  Drone  
  35  3:34  Drone  
  35  3:41  Zergling x2  
  36  3:46  Drone  
  31  3:51  Drone  
  31  3:54  Drone  
  32  4:03  Drone  
  32  4:04  Drone  
  32  4:05  Drone x3  
  32  4:09  Zergling x2  
  33  4:12  Queen  
  33  4:16  Zergling x2  
  36  4:20  Zergling x2  
  36  4:23  Baneling x2  
  37  4:25  Zergling x2  
  38  4:32  Zergling x2  
  38  4:36  Zergling x2  
  39  4:39  Zergling x2  
  39  4:40  Zergling x4  
  41  4:45  Baneling  
  41  4:46  Baneling  
  41  4:47  Zergling x4  
  40  4:56  Baneling  
  40  4:58  Drone x2  
  40  5:10  Drone x2  
  42  5:15  Hatchery  
  42  5:18  Overlord  
  40  5:23  Baneling x2  
  38  5:29  Drone x2  
  38  5:30  Drone x3  
  42  5:38  Drone  
  42  5:39  Drone x2  
  44  5:48  Zergling x2  
  41  5:50  Drone  
  41  5:52  Zergling x2  
  41  5:55  Extractor  
  41  5:57  Roach Warren  
  39  6:00  Queen, Zergling x2  
  39  6:03  Zergling x2  
  43  6:06  Baneling x2  
  43  6:12  Baneling x2  
  43  6:13  Zergling x4  
  45  6:21  Zergling x2  
  45  6:22  Queen  
  48  6:32  Overlord x2  
  46  6:35  Queen  
  46  6:38  Roach x3  
  54  6:40  Overlord  
  52  6:50  Roach x2  
  56  6:55  Roach  
  56  6:56  Zergling x12  
  63  7:02  Roach  
  63  7:05  Roach  
  63  7:07  Zergling x2  
  68  7:11  Zergling x6  
  71  7:18  Zergling x8  
  75  7:23  Roach x2  
  75  7:27  Roach  
  81  7:32  Overlord  
  81  7:35  Overlord  
  81  7:48  Roach x4  
  80  7:52  Roach x2  
  80  7:55  Zergling x4  
  78  8:03  Roach  
  78  8:04  Roach x2  
  79  8:07  Roach  
  74  8:17  Zergling x10  
  74  8:18  Zergling x2  
  74  8:26  Ravager  
  75  8:27  Zergling x8  
Tags
 
Add a new tag
Caveats
  • Supply blocks, unpowered buildings, or Contaminate may cause inaccurate times.
  • Supply counts are checked every 10 seconds.